 Dungeon Crawl Stone Soup version 0.30-a0-377-g5cb311bc9f (webtiles) character file.

Game seed: 300197172103316567

11456 sanka the Spry (level 11, 54/54 HPs)
             Began as a Felid Earth Elementalist on Nov 30, 2022.
             Was an Initiate of Gozag.
             Quit the game on level 3 of the Lair of Beasts.
             The game lasted 00:33:32 (18155 turns).

sanka the Spry (Felid Earth Elementalist)          Turns: 18155, Time: 00:33:33

Health: 54/54      AC:  7    Str:  8    XL:     11   Next: 49%
Magic:  15/15      EV: 31    Int: 20    God:    Gozag
Gold:   1015       SH:  0    Dex: 22    Spells: 0/14 levels left
                                        Lives:  1   Deaths: 1

rFire   . . .      SeeInvis +      - Unarmed
rCold   + . .      Faith    .    (shield unavailable)
rNeg    . . .      Spirit   .    (body armour unavailable)
rPois   .          Reflect  .    (helmet unavailable)
rElec   .          Harm     .    (cloak unavailable)
rCorr   .          Rampage  .    (gloves unavailable)
Will    +....                    (boots unavailable)
Stlth   +++.......               w - amulet of regeneration
HPRegen 1.09/turn                s - +4 ring of protection
MPRegen 0.14/turn                l - +6 ring of dexterity

@: quick
A: very small, claws 1, fangs 3, see invisible, speed 1, shaggy fur 3, stealthy
paws, no weapons or thrown items, no armour, multi-lived, mutation resistance 1,
strong 1
a: Renounce Religion, Potion Petition, Call Merchant, Bribe Branch


You were on level 3 of the Lair of Beasts.
You worshipped Gozag.
Gozag was most pleased with you.
You visited 3 branches of the dungeon, and saw 15 of its levels.

You collected 1671 gold pieces.
You paid 656 gold pieces to Gozag.


Innate Abilities, Weirdness & Mutations

You have sharp claws.
You have razor-sharp teeth.
You have supernaturally acute eyesight. (SInv)
You cover ground quickly. (Speed+)
Your thick and shaggy fur keeps you warm. (AC +3, rC+)
Your paws help you pounce on unaware monsters.
You are incapable of wielding weapons or throwing items.
You cannot wear armour.
You gain extra lives every three experience levels.
You are somewhat resistant to further mutation.
Your muscles are strong. (Str +4, Int/Dex -1)


   Skills:
 - Level 10.0 Fighting
 - Level 15.0 Dodging
 - Level 2.6 Stealth
 + Level 7.6 Unarmed Combat
 - Level 2.0 Spellcasting
 - Level 4.0 Conjurations
 - Level 6.0 Transmutations
 - Level 10.0 Earth Magic


You couldn't memorise any spells.
You knew the following spells:

 Your Spells              Type           Power      Damage    Failure   Level
c - Petrify               Tmut/Erth      34%        N/A       6%          4
x - Stone Arrow           Conj/Erth      60%        3d10      2%          3
z - Sandblast             Erth           84%        2d18      1%          1
N - Passwall              Tmut/Erth      28%        N/A       1%          2
X - Lee's Rapid Deconstr  Erth           21%        3d12*     7%          5

Your spell library contained the following spells:

 Spells                   Type           Power      Damage    Failure   Level
 Beastly Appendage        Tmut           52%        N/A       1%          1
 Wereblood                Tmut           26%        N/A       1%          2
 Sting                    Tmut/Pois      56%        1d5       4%          1
 Momentum Strike          Conj/Tloc      20%        3d8       11%         2
 Freeze                   Ice            8%         1d3       16%         1
 Slow                     Hex            8%         N/A       16%         1
 Ignite Poison            Fire/Tmut/Pois 10%        N/A       21%         3
 Leda's Liquefaction      Hex/Erth       11%        N/A       21%         4
 Blink                    Tloc           4%         N/A       24%         2
 Blade Hands              Tmut           13%        N/A       36%         5
 Call Canine Familiar     Summ           2%         N/A       43%         3
 Confusing Touch          Hex            2%         N/A       43%         3
 Lesser Beckoning         Tloc           4%         N/A       43%         3
 Vampiric Draining        Necr           2%         2d6       43%         3
 Anguish                  Hex/Necr       1%         N/A       83%         4
 Olgreb's Toxic Radiance  Pois           2%         N/A       83%         4
 Freezing Cloud           Conj/Ice/Air   3%         6-21      95%         5
 Enfeeble                 Hex            1%         N/A       100%        7
 Ozocubu's Refrigeration  Ice            1%         4d7       100%        7
 Ignition                 Fire           1%         3d3       100%        8
 Polar Vortex             Ice            1%         N/A       100%        9
 Shatter                  Erth           21%        3d19*     100%        9
 Portal Projectile        Hex/Tloc       Unusable   N/A       N/A         3
 Simulacrum               Ice/Necr       Unusable   N/A       N/A         6

Inventory:

Jewellery
 h - a ring of willpower
 l - a +6 ring of dexterity (right paw)
 o - a ring of ice
 s - a +4 ring of protection (left paw)
 t - an amulet of reflection
 w - an amulet of regeneration (around neck)
 y - a ring of willpower
 D - a ring of flight
 G - a +6 ring of intelligence
Wands
 u - a wand of charming (29)
 E - a wand of mindburst (5)
Scrolls
 d - 6 scrolls of teleportation {@r4}
 g - 4 scrolls of magic mapping
 j - 2 scrolls of vulnerability {!r}
 k - 2 scrolls of blinking
 n - 2 scrolls of butterflies
 p - a scroll of silence {!r}
 q - 2 scrolls of poison {!r}
 A - 2 scrolls of noise {!r}
 B - 3 scrolls of enchant weapon
 C - a scroll of immolation {!r}
 F - a scroll of summoning
 H - a scroll of fear {unknown}
Potions
 a - 2 potions of magic
 b - a potion of invisibility {unknown}
 c - 3 potions of mutation {!q}
 e - 5 potions of haste {@q3}
 f - a potion of flight {unknown}
 i - 3 potions of degeneration {!q}
 m - 3 potions of curing {@q1}
 r - a potion of ambrosia {unknown}
 v - a potion of lignification {!q}
 x - a potion of attraction {!q}
 z - 3 potions of brilliance

Dungeon Overview and Level Annotations

Branches:
Dungeon (11/15)            Temple (1/1) D:7            Lair (3/5) D:8
 Spider (0/4) Lair:2          Orc (0/2) D:9
  Swamp: Lair:2-3    Shoals: Lair:2-3

Altars:
Ashenzari
Cheibriados
Dithmenos
Elyvilon
Fedhas
Gozag
Hepliaklqana
Kikubaaqudgha
Makhleb
Nemelex Xobeh
Okawaru
Qazlal
Ru
Sif Muna
Trog
Uskayaw
Vehumet
Wu Jian
Xom
Yredelemnul
Zin
The Shining One

Shops:
D:3 [   D:8 *   Lair:1 :

Portals:
Abyss: Lair:2

Annotations:
Lair:2 2 transporters, sanka's ghost, journeyman DgIE

▒f.............
▒.f............
▒▒.............
▒..............
.▒.............
▒...........l..
▒.............
▒...h...▒
▒...........
▒...........
▒......▒....
▒....... ...
......... ..
........... .
▒............


You could see a wyvern (asleep).


Message History

The yak is severely wounded.
The centaur hits you but does no damage.
The centaur kicks you.
* * * LOW HITPOINT WARNING * * *
The yak barely misses you. The yak gores you but does no damage.
The centaur hits you but does no damage.
The centaur kicks you but does no damage.
You hit the yak but do no damage.
The yak is severely wounded.
The yak gores you but does no damage. The yak gores you but does no damage.
The centaur hits you but does no damage.
The centaur kicks you but does no damage.
Unknown command.
You smack the yak!
The yak is almost dead.
The centaur hits you but does no damage.
The centaur kicks you but does no damage.
The yak gores you!
* * * LOW HITPOINT WARNING * * *
The yak gores you!
You die...
Your shape twists and changes as you die.
You are now level 11!
You feel less wooden.
You rejoin the land of the living...
A wyvern comes into view.
Unknown command.
Are you sure you want to abandon this character and quit the game? (Confirm with "yes".)

Action                   |  1- 3 |  4- 6 |  7- 9 | 10-12 || total
-------------------------+-------+-------+-------+-------++-------
Melee: Unarmed           |     3 |       |       |    68 ||    71
       Bite              |       |       |       |    11 ||    11
       Punch             |       |       |       |     1 ||     1
 Cast: Sandblast         |    64 |    92 |   137 |   336 ||   629
       Stone Arrow       |       |     1 |    46 |   106 ||   153
Invok: Call Merchant     |       |       |       |     1 ||     1
Evoke: Wand              |       |       |       |     8 ||     8
  Use: Scroll            |       |       |       |    14 ||    14
       Potion            |       |       |       |    10 ||    10
Armor: Skin              |     3 |     6 |     9 |    55 ||    73
Dodge: Dodged            |    32 |    27 |    85 |   735 ||   879
Block: Other             |       |       |     1 |       ||     1
       Reflection        |       |       |     1 |       ||     1

Levels and vault maps discovered:
D:1:      lightli_arrival_statue_moat, layout_rooms,
          shapermc_ecumenical_altar_ellora
D:2:      layout_rooms
D:3:      layout_basic, grunt_temple_overflow_order_and_chaos_2, serial_shops,
          shop_statue, uniq_natasha
D:4:      layout_basic, mainiacjoe_overflow_divided_tiny
D:5:      minmay_spotlight, layout_gridville, uniq_blork_the_orc, uniq_sigmund,
          uniq_menkaure
D:6:      kennysheep_steamy, layout_rooms, mainiacjoe_overflow_catwalk,
          overflow_temple_1_default, marbit_many_paths
D:7:      layout_loops_corners, minmay_temple_entry_grid
D:8:      layout_basic, david_lair_shrubbed, serial_shops,
          nicolae_stop_n_shop_1, kennysheep_generic_room_7
D:9:      layout_basic, cheibriados_altar_2, nicolae_dithmenos_the_darkroom
D:10:     layout_loops_ring, elyvilon_altar_1,
          chequers_temple_overflow_statue_of_worship, st_stairs_9, uniq_grum
D:11:     layout_grid_maze, grunt_decor_resistance
Temple:   hellmonk_temple_micro_hex
Lair:1:   layout_chaotic_city
Lair:2:   layout_long_grid, spider_nest_entry_funnel_web,
          gammafunk_ghost_abyssal_escape, st_stairs_4
Lair:3:   layout_gridlike, minmay_shoals_entry_centaurs

Notes
Turn   | Place    | Note
-------+----------+-------------------------------------------
     0 | D:1      | sanka the Felid Earth Elementalist began the quest for the
                  | Orb.
     0 | D:1      | Reached XP level 1. HP: 7/7 MP: 4/4
   137 | D:1      | Reached skill level 3 in Earth Magic
   137 | D:1      | Reached XP level 2. HP: 9/11 MP: 3/6
   278 | D:1      | Found a faded altar of an unknown god.
   418 | D:1      | Reached skill level 2 in Transmutations
   805 | D:1      | Reached XP level 3. HP: 14/14 MP: 4/7
  1439 | D:2      | Learned a level 2 spell: Passwall
  1443 | D:2      | Learned a level 3 spell: Stone Arrow
  1452 | D:2      | Reached skill level 3 in Transmutations
  1452 | D:2      | Reached XP level 4. HP: 15/18 MP: 2/8
  1708 | D:3      | Found Nimmy's Antique Armour Boutique.
  1753 | D:3      | Noticed Natasha
  1772 | D:3      | Killed Natasha
  1773 | D:3      | Reached skill level 1 in Conjurations
  1866 | D:3      | Noticed Natasha
  2045 | D:3      | Noticed a necrophage
  2062 | D:3      | Reached skill level 4 in Earth Magic
  2117 | D:2      | Killed a necrophage
  2118 | D:2      | Reached skill level 2 in Conjurations
  2118 | D:2      | Reached XP level 5. HP: 20/21 MP: 4/9
  2233 | D:3      | Got Incantation for Absolute Beginners
  2430 | D:3      | Found a burning altar of Makhleb.
  2449 | D:3      | Found a glowing silver altar of Zin.
  2449 | D:3      | Noticed an angel
  2450 | D:3      | Noticed a balrug
  2511 | D:3      | Killed Natasha
  2596 | D:3      | Noticed Natasha
  2610 | D:3      | Killed Natasha
  2770 | D:4      | Gained mutation: You are covered in thick fur. (AC +2)
                  | [Felid growth]
  2770 | D:4      | Reached XP level 6. HP: 23/24 MP: 5/10
  2779 | D:4      | Reached skill level 3 in Conjurations
  2910 | D:4      | Reached skill level 5 in Earth Magic
  3572 | D:4      | Found a shimmering blue altar of Sif Muna.
  3572 | D:4      | Found an ancient bone altar of Kikubaaqudgha.
  4010 | D:5      | Entered Level 5 of the Dungeon
  4021 | D:5      | Reached XP level 7. HP: 27/27 MP: 8/11
  4051 | D:5      | Reached skill level 4 in Conjurations
  4091 | D:5      | Reached skill level 6 in Earth Magic
  4131 | D:5      | Noticed Blork the orc
  4135 | D:5      | Killed Blork the orc
  4336 | D:5      | Reached skill level 7 in Earth Magic
  4517 | D:5      | Reached XP level 8. HP: 31/31 MP: 9/12
  4608 | D:5      | Noticed Menkaure
  4616 | D:5      | Killed Menkaure
  4617 | D:5      | Reached skill level 8 in Earth Magic
  4946 | D:5      | Reached skill level 1 in Fighting
  4946 | D:5      | Reached skill level 3 in Dodging
  5073 | D:5      | Noticed Sigmund
  5082 | D:5      | Killed Sigmund
  5083 | D:5      | Reached skill level 2 in Fighting
  5083 | D:5      | Reached skill level 4 in Dodging
  5498 | D:6      | Reached skill level 5 in Dodging
  5608 | D:6      | Reached skill level 3 in Fighting
  5754 | D:6      | Found a broken altar of Ashenzari.
  5766 | D:6      | Reached skill level 4 in Fighting
  5766 | D:6      | Reached skill level 6 in Dodging
  6043 | D:5      | Reached XP level 9. HP: 39/39 MP: 8/13
  6296 | D:6      | Reached skill level 7 in Dodging
  6361 | D:6      | Found a hazy altar of Hepliaklqana.
  6693 | D:6      | Found a sparkling altar of Nemelex Xobeh.
  6917 | D:7      | Reached skill level 5 in Fighting
  6939 | D:7      | Noticed a troll
  6942 | D:7      | Killed a troll
  7072 | D:7      | Reached skill level 8 in Dodging
  7432 | D:7      | Found a staircase to the Ecumenical Temple.
  7452 | Temple   | Entered the Ecumenical Temple
  7684 | D:7      | Reached skill level 6 in Fighting
  7736 | D:7      | Reached skill level 9 in Dodging
  8502 | D:8      | Found a staircase to the Lair.
  8502 | D:8      | Noticed a komodo dragon
  8551 | D:7      | Killed a komodo dragon
  8552 | D:7      | Reached skill level 10 in Dodging
  8689 | D:8      | Reached skill level 11 in Dodging
  8959 | D:8      | Found Ykobon's Assorted Antiques.
  9452 | D:8      | Reached XP level 10. HP: 40/45 MP: 10/14
  9478 | D:8      | Reached skill level 12 in Dodging
  9712 | D:8      | Reached skill level 13 in Dodging
 10214 | D:8      | Reached skill level 14 in Dodging
 10355 | D:9      | Found a staircase to the Orcish Mines.
 10387 | D:9      | Found a shadowy altar of Dithmenos.
 10585 | D:9      | HP: 3/45 [gnoll sergeant/+1 spear of pain (10)]
 10789 | D:9      | Noticed a torpor snail
 10794 | D:9      | Noticed a torpor snail
 10795 | D:9      | Found a snail-covered altar of Cheibriados.
 10795 | D:9      | Noticed a torpor snail
 10869 | D:9      | Reached skill level 15 in Dodging
 10998 | D:9      | Reached skill level 7 in Fighting
 11184 | D:9      | Paralysed by a hornet for 1 turns
 11715 | D:10     | Entered Level 10 of the Dungeon
 11742 | D:10     | Noticed Grum
 11745 | D:10     | Killed Grum
 11752 | D:10     | Reached XP level 11. HP: 51/51 MP: 4/15
 11898 | D:10     | Reached skill level 8 in Fighting
 12034 | D:10     | Found an opulent altar of Gozag.
 12036 | D:10     | Found a sacrificial altar of Ru.
 12226 | D:10     | Found a white marble altar of Elyvilon.
 12371 | D:10     | Reached skill level 9 in Fighting
 12587 | D:10     | Noticed a two-headed ogre
 12622 | D:10     | Killed a two-headed ogre
 12910 | D:10     | Identified +0 acid dragon scales
 13022 | D:10     | Became a worshipper of Gozag Ym Sagoz the Greedy
 13148 | D:11     | Reached skill level 10 in Fighting
 13495 | D:11     | Identified a +0 robe of resistance
 13861 | D:11     | Reached skill level 4 in Transmutations
 14337 | Lair:1   | Entered Level 1 of the Lair of Beasts
 14688 | Lair:1   | Reached skill level 5 in Transmutations
 14834 | Lair:1   | Noticed a death yak
 14835 | Lair:1   | Noticed a death yak
 14920 | D:8      | Killed a death yak
 14921 | D:8      | Reached skill level 9 in Earth Magic
 15098 | D:8      | Reached skill level 6 in Transmutations
 15201 | D:8      | Learned a level 4 spell: Petrify
 15264 | Lair:1   | Noticed a death yak
 15281 | Lair:1   | Killed a death yak
 15594 | Lair:1   | Killed a death yak
 15748 | Lair:1   | Reached skill level 10 in Earth Magic
 15748 | Lair:1   | Gained mutation: Your thick and shaggy fur keeps you warm.
                  | (AC +3, rC+) [Felid growth]
 15748 | Lair:1   | Reached XP level 12. HP: 39/58 MP: 0/16
 16193 | Lair:2   | Identified the +7 scimitar "Udeocvac" {vorpal, Will+ Str-2
                  | SInv}
 16257 | Lair:2   | Reached skill level 1 in Unarmed Combat
 16269 | Lair:2   | Reached skill level 2 in Unarmed Combat
 16508 | Lair:2   | Reached skill level 3 in Unarmed Combat
 16668 | Lair:2   | Identified a scroll of acquirement
 16668 | Lair:2   | Acquired sanka's Secrets of the Ground and Reformation
 16676 | Lair:2   | Learned a level 5 spell: Lee's Rapid Deconstruction
 16720 | Lair:2   | Found a transporter.
 16723 | Lair:2   | Found a transporter.
 16724 | Lair:2   | Found a one-way gate to the infinite horrors of the Abyss.
 16724 | Lair:2   | Noticed sanka's ghost (journeyman DgIE)
 16970 | Lair:2   | Found a hole to the Spider Nest.
 17025 | Lair:2   | Reached skill level 4 in Unarmed Combat
 17343 | Lair:3   | Reached skill level 5 in Unarmed Combat
 17658 | Lair:3   | Reached skill level 6 in Unarmed Combat
 17895 | Lair:3   | Reached skill level 7 in Unarmed Combat
 18144 | Lair:3   | Gained mutation: You are somewhat resistant to further
                  | mutation. [potion of mutation]
 18144 | Lair:3   | Gained mutation: Your muscles are strong. (Str +4, Int/Dex
                  | -1) [potion of mutation]
 18154 | Lair:3   | HP: 6/87 [yak (11)]
 18154 | Lair:3   | Slain by a yak
 18155 | Lair:3   | Reached XP level 11. HP: -1/81 MP: 7/15
 18155 | Lair:3   | Quit the game

Vanquished Creatures
  A two-headed ogre (D:10)
  3 death yaks
  A cyclops (D:11)
  A wolf spider (Lair:2)
  A manticore (D:11)
  3 black mambas
  2 cane toads
  5 komodo dragons
  A hornet (D:9)
  4 trolls
  A polar bear (Lair:3)
  6 blink frogs
  Sigmund (D:5)
  A culicivora (Lair:2)
  A shadow (D:9)
  3 wyverns
  30 yaks
  Grum (D:10)
  2 redbacks (Lair:2)
  2 steam dragons
  Menkaure (D:5)
  2 vampire mosquitoes (D:10)
  An acid dragon (D:10)
  7 water moccasins
  4 black bears
  3 orc warriors
  An ice beast (D:5)
  3 ogres
  A sky beast (D:8)
  4 centaurs
  7 wolves
  A phantom (D:7)
  2 kobold brigands
  Blork the orc (D:5)
  4 bullfrogs
  4 necrophages
  A gnoll sergeant (D:9)
  3 scorpions
  10 wights
  12 killer bees
  2 electric eels (D:9)
  2 hounds
  2 jellies
  7 orc priests
  2 gnoll boudas
  An iguana (D:5)
  Natasha (thrice) (D:3)
  9 orc wizards
  7 adders
  16 gnolls
  4 white imps
  2 ufetubi
  A worm (D:3)
  2 dart slugs
  34 orcs
  4 ball pythons
  5 bats
  13 endoplasms
  7 giant cockroaches
  10 goblins
  10 hobgoblins
  4 jackals (D:4)
  2 quokkas
  3 frilled lizards
  19 kobolds
  3 rats
316 creatures vanquished.

Vanquished Creatures (others)
  31 fungi
  39 plants
70 creatures vanquished.

Grand Total: 386 creatures vanquished
